 Dungeon Crawl Stone Soup version 0.28.0-47-ge53b351184 (webtiles) character file.

Game seed: 1243480438842910844

17 bobregger the Ruffian (level 2, -5/29 HPs)
             Began as a Troll Berserker on Apr 27, 2022.
             Was a Follower of Trog.
             Slain by an iguana (10 damage)
             ... on level 2 of the Dungeon.
             The game lasted 00:00:30 (585 turns).

bobregger the Ruffian (Troll Berserker)              Turns: 585, Time: 00:00:31

Health: -5/29      AC:  4    Str: 24    XL:     2   Next: 44%
Magic:  1/1        EV: 10    Int:  3    God:    Trog [*.....]
Gold:   33         SH:  0    Dex:  9    Spells: 1/1 levels left

rFire   . . .      SeeInvis .     - Unarmed
rCold   . . .      Faith    .   (no shield)
rNeg    . . .      Spirit   .   a - +0 animal skin
rPois   .          Reflect  .   (helmet restricted)
rElec   .          Harm     .   (no cloak)
rCorr   .          Rampage  .   (gloves unavailable)
Will    .....                   (boots unavailable)
Stlth   +.........              (no amulet)
HPRegen 0.89/turn               (no ring)
MPRegen 0.07/turn               (no ring)

@: no status effects
A: large, unfitting armour, claws 3, regeneration 1, shaggy fur 1, tough skin 1
a: Renounce Religion, Berserk


You were on level 2 of the Dungeon.
You worshipped Trog.
Trog was aware of your devotion.
You visited 1 branch of the dungeon, and saw 2 of its levels.

You collected 33 gold pieces.

Inventory:

Armour
 a - a +0 animal skin (worn)
Scrolls
 c - 2 scrolls of identify {unknown}
 e - a scroll of enchant weapon {unknown}
 f - a scroll of teleportation {unknown}
Potions
 b - a potion of curing {unknown}
 d - a potion of brilliance {unknown}
 g - a potion of resistance {unknown}


   Skills:
 - Level 2.4 Fighting
 - Level 2.4 Dodging
 + Level 3.9 Unarmed Combat


You had one spell level left.
You didn't know any spells.
Your spell library was empty.

Dungeon Overview and Level Annotations

Branches:
Dungeon (2/15)

Altars:


Innate Abilities, Weirdness & Mutations

You are too large for most types of armour.
You have claws for hands.
Your natural rate of healing is unusually fast.
You are covered in fur. (AC +1)
You have tough skin. (AC +1)


Message History

You scratch the ball python.
The ball python is moderately wounded.
The ball python bites you but does no damage.
You barely miss the ball python.
The ball python is moderately wounded.
The ball python bites you.
You scratch the ball python.
You kill the ball python!
Trog accepts your kill.
An endoplasm comes into view.
An endoplasm is nearby!
An endoplasm is nearby!
An endoplasm is nearby!
An endoplasm is nearby!
The endoplasm quivers.
There is a stone staircase leading up here.
You claw the endoplasm!
You kill the endoplasm!
Trog accepts your kill.
Found a ruby potion.
g - a ruby potion
Found a stone staircase leading down.
Found a long sword.
There is a stone staircase leading up here.
An iguana comes into view.
The iguana hisses angrily.
Found a scroll labelled NEMAEJERES and a club.
You barely miss the iguana. The iguana barely misses you.
You scratch the iguana but do no damage.
The iguana bites you!
You closely miss the iguana.
The iguana bites you but does no damage.
You barely miss the iguana. The iguana bites you!
* * * LOW HITPOINT WARNING * * *
You scratch the iguana but do no damage.
The iguana bites you.
* * * LOW HITPOINT WARNING * * *
You closely miss the iguana. You claw the iguana, but do no damage.
The iguana bites you!
You die...

...#..# #) #...#.# #.
#..##.# ####### #.
#..##.# #......
#.###..##.# #.##...
#......##.# #.#.###
#.. #..##.####..## #
##.##..##.....<....##
?.....l@......####.#
.......###.#### #.##
##.##.# #.# #..## #
#. #.# #####.#.### #
#.. ........... ###
###########


You could see an iguana.

Vanquished Creatures
  A ball python (D:2)
  A bat (D:1)
  4 endoplasms
  A giant cockroach (D:1)
  3 goblins (D:1)
  A quokka (D:1)
  A frilled lizard (D:1)
  A kobold (D:1)
  A rat (D:1)
14 creatures vanquished.

Notes
Turn   | Place    | Note
-------+----------+-------------------------------------------
     0 | D:1      | bobregger the Troll Berserker began the quest for the Orb.
     0 | D:1      | Reached XP level 1. HP: 22/22 MP: 0/0
    69 | D:1      | Found a faded altar of an unknown god.
   201 | D:1      | Reached XP level 2. HP: 29/29 MP: 1/1
   585 | D:2      | Slain by an iguana

Illustrated notes

Levels and vault maps discovered:
D:1:      psy_arrival_whirlpool, layout_basic, basic_ecumenical_altar
D:2:      layout_loops_ring

Action                   || total
-------------------------++-------
Melee: Unarmed           ||    34
       Punch             ||     1
Armor: Animal skin       ||     7
Dodge: Dodged            ||    11
